 Dungeon Crawl Stone Soup version 0.25.1-8-g42b30a86e7 (webtiles) character file.

Game seed: 2785635991990661338

172 wyoknott the Shield-Bearer (level 5, 0/46 HPs)
             Began as a Hill Orc Fighter on Dec 9, 2020.
             Was a Follower of Makhleb.
             Slain by a killer bee (5 damage)
             ... on level 4 of the Dungeon.
             The game lasted 00:15:59 (2788 turns).

wyoknott the Shield-Bearer (Hill Orc Fighter)       Turns: 2788, Time: 00:16:01

Health: 0/46       AC:  8    Str: 20    XL:     5   Next: 52%
Magic:  5/5        EV:  5    Int:  8    God:    Makhleb [*.....]
Gold:   171        SH: 16    Dex: 10    Spells: 4/4 levels left

rFire    . . .     SeeInvis .   e - +0 war axe (vorpal)
rCold    + . .     Gourm    .   o - +2 tower shield
rNeg     . . .     Faith    .   b - +0 scale mail
rPois    .         Spirit   .   (no helmet)
rElec    .         Reflect  .   m - +0 cloak
rCorr    .         Harm     .   (no gloves)
MR       .....                  (no boots)
Stlth    ..........             j - amulet of regeneration
HPRegen  0.55/turn              h - ring of protection from cold
MPRegen  0.09/turn              (no ring)

@: mighty, lethally poisoned (0 -> -1)
A: no striking features
a: Renounce Religion


You were on level 4 of the Dungeon.
You worshipped Makhleb.
Makhleb was aware of your devotion.
You were not hungry.

You visited 1 branch of the dungeon, and saw 4 of its levels.

You collected 171 gold pieces.

Inventory:

Hand Weapons
 a - a +0 war axe
 e - a +0 vorpal war axe (weapon)
 g - a +1 dagger of freezing
Missiles
 k - 12 poisoned darts (quivered)
 p - 3 curare-tipped darts
Armour
 b - a +0 scale mail (worn)
 c - a +0 kite shield
 m - a +0 cloak (worn)
 o - a +2 tower shield (worn)
Jewellery
 h - a ring of protection from cold (left hand)
 j - an amulet of regeneration (around neck)
Wands
 l - a wand of disintegration (10)
Scrolls
 n - 4 scrolls of teleportation
Potions
 i - 3 potions of magic
 r - a potion of berserk rage {unknown}
 s - a potion of lignification {unknown}
 t - a potion of mutation {unknown}
Comestibles
 f - 6 rations
 q - 8 chunks of flesh


   Skills:
 + Level 4.2 Fighting
 + Level 1.9 Short Blades
 + Level 3.3 Axes
 + Level 4.0 Armour
 + Level 0.4 Dodging
 + Level 4.8 Shields


You had 4 spell levels left.
You didn't know any spells.
Your spell library was empty.

Dungeon Overview and Level Annotations

Branches:
Dungeon (4/15)
 Temple: D:4-7

Altars:
Ashenzari
Gozag
Makhleb
Qazlal
Vehumet
Zin

Annotations:
D:4 Ijyb


Message History

* * * LOW HITPOINT WARNING * * *
You block the killer bee's attack.
A killer bee comes into view.
You block the killer bee's attack.
The killer bee stings you but does no damage.
The howler monkey completely misses you.
Ijyb hits you but does no damage. The killer bee stings you.
* * * LOW HITPOINT WARNING * * *
The quokka barely misses you.
An adder comes into view.
You block the leopard gecko's attack.
The killer bee stings you but does no damage.
The bullfrog skeleton moves out of view.
You slice the leopard gecko!!
You kill the leopard gecko!
Makhleb accepts your kill.
You hit Ijyb. You closely miss the howler monkey. You hit the killer bee.
You closely miss the killer bee. You miss the quokka. You miss the killer bee.
You block the killer bee's attack. x2; The killer bee stings you.
You die...

....##.##....
.......#.....S. .
..........$.## ..
..).y #....(.#...
#....##..<.....#
#....#......##..#
##.y......#
#..yy.....#..
#..##r@hy......#
#...y.go..o.#....
##.#.So.....#....
# ##..#.#......#
..#####.##...#
..# .. ... .. ...
.. .# .. ..


You could see Ijyb, a howler monkey (catching breath), 6 killer bees, 2 adders,
3 orcs and a quokka.

Vanquished Creatures
  4 gnolls
  3 adders
  An ooze (D:1)
  2 worms (D:2)
  4 dart slugs
  4 leopard geckos
  8 orcs
  A ball python (D:1)
  10 bats
  9 goblins
  7 hobgoblins
  6 jackals
  6 kobolds
  3 quokkas
  3 frilled lizards
  6 rats
77 creatures vanquished.

Notes
Turn   | Place    | Note
-------+----------+-------------------------------------------
     0 | D:1      | wyoknott the Hill Orc Fighter began the quest for the Orb.
     0 | D:1      | Reached XP level 1. HP: 19/19 MP: 1/1
   228 | D:1      | Reached XP level 2. HP: 10/27 MP: 2/2
   517 | D:1      | Reached skill level 1 in Short Blades
   583 | D:1      | Reached XP level 3. HP: 20/33 MP: 3/3
  1099 | D:2      | Found a burning altar of Makhleb.
  1099 | D:2      | Found a radiant altar of Vehumet.
  1099 | D:2      | Found an opulent altar of Gozag.
  1127 | D:2      | Became a worshipper of Makhleb the Destroyer
  1201 | D:2      | Found a stormy altar of Qazlal.
  1429 | D:2      | Found a glowing silver altar of Zin.
  1558 | D:2      | Reached XP level 4. HP: 32/40 MP: 4/4
  2319 | D:2      | Reached * piety under Makhleb
  2443 | D:3      | Reached XP level 5. HP: 46/46 MP: 5/5
  2460 | D:3      | Found a shattered altar of Ashenzari.
  2765 | D:4      | Noticed Ijyb
  2788 | D:4      | Slain by a killer bee

Illustrated notes

Levels and vault maps discovered:
D:1:      tarquinn_simple_flora_water_a, layout_rooms, hangedman_decor_opposing
D:2:      layout_basic, grunt_temple_overflow_cloverleaf, old_standard_altar
D:3:      layout_basic, marbit_many_paths
D:4:      layout_cave_pools, first_ration, uniq_ijyb, uniq_blork_the_orc

Skill      XL: |  1  2  3  4 |
---------------+-------------+-----
Short Blades   | 1 |  1.9
Axes           | 3 |  3.3
Fighting       | 4 |  4.2
Shields        | 4 |  4.8
Armour         | 4 |  4.0
Dodging        | |  0.4

Action                   |  1- 3 |  4- 6 || total
-------------------------+-------+-------++-------
Melee: Dagger            |   127 |    78 ||   205
       War axe           |     4 |    74 ||    78
  Use: Scroll            |       |     5 ||     5
       Potion            |       |     2 ||     2
  Eat: Chunk             |     2 |     1 ||     3
       Ration            |       |     1 ||     1
Armor: Scale mail        |    71 |   125 ||   196
Dodge: Dodged            |    61 |    55 ||   116
Block: Kite shield       |    96 |    25 ||   121
       Tower shield      |       |   164 ||   164
